AoeStats
← AdoreIvy8841

Arabia

510014251Analyzed
1v1 RM · 4d ago on Sep 29, 2026· 30m 3s· 2 players
Game mode
Random Map
Map size
Tiny (2 player)
Population
200
Speed
Normal
Resources
Standard
Victory
Conquest
Starting age
Dark Age
Ending age
Imperial Age
RankedLock teamsTeams togetherTeam positionsShared explorationLock speedFull tech treeHidden civsTurbo modeCheats
Victory
Defeat
🇪🇸 Spanish · Spain
1209
+15
🇲🇽 Aztecs · Mexico
1181
-15
AdoreIvy8841
7:06 Loom
9:28 Feudal Age
9:34 Man-at-Arms
10:16 Double-Bit Axe
19:10 Castle Age
18:09 Fletching
18:13 Horse Collar
18:23 Gold Mining
19:34 Wheelbarrow
20:46 Bodkin Arrow
20:12 Crossbowman
22:45 Bow Saw
22:35 Elite Skirmisher
26:41 Padded Archer Armor
Aloxen
9:55 Loom
12:07 Feudal Age
13:23 Double-Bit Axe
15:03 Wheelbarrow
17:19 Horse Collar
20:40 Castle Age
19:17 Stone Mining
21:59 Bow Saw
22:47 Fletching
27:38 Bodkin Arrow
27:44 Padded Archer Armor
28:49 Bloodlines
28:40 Husbandry
Connection lost

Rejoining the realm…

Still unreachable

The connection could not be restored.

Session expired

The server has moved on; the page needs a fresh start.